 Dungeon Crawl Stone Soup version 0.27-b1-16-g6517624069 (webtiles) character file.

Game seed: 11862513537143694318

17 Strat the Skirmisher (level 2, 0/25 HPs)
             Began as a Palentonga Abyssal Knight on July 27, 2021.
             Was a Follower of Lugonu.
             Slain by an adder (3 damage)
             ... on level 2 of the Dungeon.
             The game lasted 00:02:40 (1226 turns).

Strat the Skirmisher (Palentonga Abyssal Knight)    Turns: 1226, Time: 00:02:41

Health: 0/25       AC:  4    Str: 15    XL:     2   Next: 44%
Magic:  3/3        EV:  9    Int: 12    God:    Lugonu [*.....]
Gold:   32         SH:  0    Dex:  9    Spells: 1/1 levels left

rFire    . . .     SeeInvis +   a - +1 falchion
rCold    . . .     Faith    .   (no shield)
rNeg     . . .     Spirit   .   b - +0 leather armour
rPois    .         Reflect  .   (no helmet)
rElec    .         Harm     .   (no cloak)
rCorr    .         Rampage  .   (no gloves)
Will     .....                  (no barding)
Stlth    +.........             (no amulet)
HPRegen  0.08/turn              (no ring)
MPRegen  0.08/turn              (no ring)

@: lethally poisoned (0 -> -6)
A: large, rugged brown scales 3, see invisible, deformed body, roll 1, armoured
tail
a: Rolling Charge, Renounce Religion, Depart the Abyss


You were on level 2 of the Dungeon.
You worshipped Lugonu.
Lugonu was aware of your devotion.
You visited 1 branch of the dungeon, and saw 2 of its levels.
You visited the Abyss 1 time.

You collected 32 gold pieces.

Inventory:

Hand Weapons
 a - a +1 falchion (weapon)
Missiles
 k - 5 stones
 l - 6 boomerangs
Armour
 b - a +0 leather armour (worn)
Jewellery
 e - an amulet of reflection
Scrolls
 d - a scroll of identify {unknown}
 h - a scroll of holy word {unknown}
 j - a scroll of immolation {unknown}
Potions
 c - a potion of might {unknown}
 f - a potion of mutation {unknown}
 g - a potion of curing {unknown}
 i - a potion of brilliance {unknown}


   Skills:
 - Level 3.1 Fighting
 + Level 3.0 Long Blades
 - Level 1.5 Armour
 - Level 0.7 Dodging
 - Level 2.0 Invocations


You had one spell level left.
You didn't know any spells.
Your spell library was empty.

Dungeon Overview and Level Annotations

Branches:
Dungeon (2/15)

Altars:


Innate Abilities, Weirdness & Mutations

You are completely covered in rugged brown scales. (AC +3, +7% HP)
You have supernaturally acute eyesight. (SInv)
Armour fits poorly on your strangely shaped body.
You can roll at nearby foes to attack.
You have a long armoured tail.


Message History

Aim: an adder You roll forward with a clatter of scales!
You barely miss the adder. The adder bites you.
You barely miss the adder. The adder closely misses you. The adder bites you.
You are poisoned.
The adder poisons you!
You miss the adder.
You feel sick. The adder bites you.
You barely miss the adder.
You feel sick. The adder bites you.
You are more poisoned.
The adder poisons you! The adder bites you but does no damage.
You miss the adder.
You feel sick. The adder bites you.
You are more poisoned.
The adder poisons you!
You barely miss the adder.
Your tail-slap misses the adder.
* * * LOW HITPOINT WARNING * * *
You feel very sick. The adder bites you but does no damage.
The adder barely misses you.
You riposte.
You hit the adder.
The adder is lightly wounded.
You are too injured to fight recklessly!
You are too injured to fight recklessly!
You are too injured to fight recklessly!
You hit the adder.
The adder is moderately wounded.
You feel sick. The adder barely misses you.
You slash the adder!
The adder is almost dead.
You feel sick. The adder misses you.
You riposte.
You closely miss the adder.
Your tail-slap misses the adder.
The adder is almost dead.
The adder bites you.
* * * LOW HITPOINT WARNING * * *
You are lethally poisoned!
The adder poisons you!
You closely miss the adder.
The adder is almost dead.
* * * LOW HITPOINT WARNING * * *
You feel very sick. The adder bites you.
You die...

###
#..
#.#
#.#
#S#
#@#
#.#
#.#
#.#
#.#
#.#
#.#
#.#
#..#
#.#


You could see an adder.

Vanquished Creatures
  An endoplasm (D:1)
  A goblin (D:1)
  2 hobgoblins (D:1)
  5 jackals (D:1)
  2 kobolds (D:1)
  A bat (D:1)
  A frilled lizard (D:1)
  2 rats (D:1)
15 creatures vanquished.

Notes
Turn   | Place    | Note
-------+----------+-------------------------------------------
     0 | Abyss:1  | Strat the Palentonga Abyssal Knight began the quest for the
                  | Orb.
     0 | Abyss:1  | Reached XP level 1. HP: 19/19 MP: 2/2
    44 | Abyss:1  | Found a corrupted altar of Lugonu.
    55 | D:1      | Escaped the Abyss
   699 | D:1      | Reached XP level 2. HP: 21/25 MP: 3/3
  1226 | D:2      | Slain by an adder

Illustrated notes

Levels and vault maps discovered:
D:1:      nagdon_arrival_zigzag_paths, layout_basic
D:2:      layout_basic, minmay_gold_behind_fungi

Skill      XL: |  1  2 |
---------------+-------+-----
Long Blades    | 3 |  3.0
Fighting       | |  3.1
Armour         | |  1.5
Dodging        | |  0.7
Invocations    | |  2.0

Action                   || total
-------------------------++-------
Melee: Falchion          ||    41
       Tailslap          ||     3
 Abil: Rolling Charge    ||    12
Armor: Leather armour    ||    12
Dodge: Dodged            ||    13
       Rpst.: Falchion   ||     5
